 Dungeon Crawl Stone Soup version 0.32-a0-328-gd8048dd28f (webtiles) character file.

Game seed: 10004700947868489141

1672 PrimevalTitan the Skirmisher (level 8, -1/35 (42) HPs)
             Began as a Spriggan Hexslinger on Feb 17, 2024.
             Was a Follower of Elyvilon.
             Constricted to death by Maggie (7 damage)
             ... on level 7 of the Dungeon.
             The game lasted 00:10:11 (6048 turns).

PrimevalTitan the Skirmisher (Spriggan Hexslinger)  Turns: 6048, Time: 00:10:12

HP:   -1/35 (42)    AC:  2    Str:  4    XL:     8   Next: 70%
MP:   24/24         EV: 18    Int: 14    God:    Elyvilon [*.....]
Gold: 346           SH:  0    Dex: 20    Spells: 9/11 levels left

rFire   . . .        a - +1 sling
rCold   . . .        l - orb {light}
rNeg    . . .        c - +0 robe
rPois   +            (helmet restricted)
rElec   .            (no cloak)
rCorr   +            (gloves unavailable)
SInv    +            (boots unavailable)
Will    .....        k
                       - Hermit's Pendant {Faith Invo=14 Evo=0 MP+5}
Stlth   +            f - ring of resist corrosion
HPRegen 0.25/turn    p - ring of poison resistance
MPRegen 0.19/turn

%: faith
@: weak-willed, grasped by roots, glowing, constricted, heavily drained, very
quick
A: very small, no large weapons, unfitting armour, see invisible, speed 3
a: Renounce Religion, Purification


You were on level 7 of the Dungeon.
You worshipped Elyvilon.
Elyvilon was aware of your devotion.
You visited 2 branches of the dungeon, and saw 8 of its levels.
You also visited: Ossuary.

You collected 389 gold pieces.
You spent 43 gold pieces at shops.

Inventory:

Hand Weapons
 a - a +1 sling (weapon)
Armour
 c - a +0 robe (worn)
 l - an orb of light (worn)
 I - a scarf of invisibility
Jewellery
 f - a ring of resist corrosion (left hand)
 k - the Hermit's Pendant (around neck) {Faith Invo=14 Evo=0 MP+5}
   (You found it on level 2 of the Dungeon)

   [amulet of faith]

   Invo=14: It sets your Invocations skill to 14.
   Evo=0: It sets your Evocations skill to 0.
   Faith:     It allows you to gain divine favour quickly.
   MP+5:      It affects your magic capacity (+5).
 p - a ring of poison resistance (right hand)
 q - a +6 ring of strength
 D - an amulet of reflection
 E - a +6 ring of strength
 F - a ring of protection from fire
 K - an amulet of faith
Wands
 o - a wand of polymorph (8)
 J - a wand of charming (12)
Scrolls
 b - 6 scrolls of poison
 e - 4 scrolls of vulnerability {unknown}
 g - 3 scrolls of enchant armour {unknown}
 h - 5 scrolls of immolation {unknown}
 m - 5 scrolls of identify {unknown}
 r - a scroll of revelation {unknown}
 s - a scroll of amnesia {unknown}
 t - a scroll of fog {unknown}
 w - 3 scrolls of enchant weapon {unknown}
 x - a scroll of blinking {unknown}
 y - 6 scrolls of noise
 G - a scroll of fear {unknown}
Potions
 d - 3 potions of lignification {unknown}
 i - a potion of enlightenment {unknown}
 j - 2 potions of curing {@q2}
 n - 3 potions of attraction {unknown}
 u - 2 potions of invisibility {unknown}
 v - a potion of berserk rage {unknown}
 z - 3 potions of cancellation {unknown}
 A - a potion of haste {unknown}
 B - a potion of ambrosia {unknown}
 C - 3 potions of degeneration
 H - 2 potions of heal wounds {unknown}


   Skills:
 + Level 3.9 Fighting
 * Level 9.1 Ranged Weapons
 + Level 5.6 Dodging
 - Level 2.3 Spellcasting
 - Level 4.1 Hexes
 - Level 1.2 Fire Magic


You had 9 spell levels left.
You knew the following spells:

 Your Spells              Type           Power      Damage    Failure   Level
a - Jinxbite              Hex            26%        N/A       6%          2

Your spell library contained the following spells:

 Spells                   Type           Power      Damage    Failure   Level
 Sigil of Binding         Hex            13%        N/A       13%         3
 Tukima's Dance           Hex            13%        N/A       13%         3
 Inner Flame              Hex/Fire       9%         N/A       22%         3
 Cause Fear               Hex            6%         N/A       38%         4
 Dimensional Bullseye     Hex/Tloc       3%         N/A       69%         4
 Passage of Golubria      Tloc           1%         N/A       93%         4
 Yara's Violent Unravell  Hex/Alch       3%         3d4       95%         5


Dungeon Overview and Level Annotations

Branches:
Dungeon (7/15)             Temple (1/1) D:6         Ossuary (visited)

Altars:
Ashenzari
Cheibriados
Dithmenos
Elyvilon
Fedhas
Gozag
Hepliaklqana
Kikubaaqudgha
Makhleb
Nemelex Xobeh
Qazlal
Ru
Sif Muna
Uskayaw
Vehumet
Wu Jian
Xom
Yredelemnul
Zin
The Shining One

Shops:
D:4 *

Annotations:
D:7 Maggie


Innate Abilities, Weirdness & Mutations

You are very small and have problems with some larger weapons.
You are too small for most types of armour.
You have supernaturally acute eyesight. (SInv)
You cover ground extremely quickly. (Speed+++)


Message History

Press: ? - help, Q - select action, (/) - cycle Shift-Dir - straight line, f/p - Maggie
Aim: Maggie, wielding a +0 scimitar of draining, wearing +0 acid dragon scales and carrying a wand of roots (severely wounded, mesmerising, heavily drained, haloed, 82% to hit)
You shoot a sling bullet.
The sling bullet hits Maggie but does no damage.
Maggie is severely wounded.
Maggie seems less drained.
Maggie completely misses you.
Fire: a) +1 sling
Press: ? - help, Q - select action, (/) - cycle Shift-Dir - straight line, f/p - Maggie
Aim: Maggie, wielding a +0 scimitar of draining, wearing +0 acid dragon scales and carrying a wand of roots (severely wounded, mesmerising, haloed, 82% to hit)
You shoot a sling bullet. The sling bullet hits Maggie.
Maggie is almost dead.
Maggie closely misses you.
Fire: a) +1 sling
Press: ? - help, Q - select action, (/) - cycle Shift-Dir - straight line, f/p - Maggie
Aim: Maggie, wielding a +0 scimitar of draining, wearing +0 acid dragon scales and carrying a wand of roots (almost dead, mesmerising, haloed, 82% to hit)
You shoot a sling bullet.
The sling bullet hits Maggie but does no damage.
Maggie is almost dead.
Maggie zaps a wand.
The roots erupt in riotous growth!
The grasping roots grab you!
Maggie is unaffected.
The grasping roots constrict you.
Fire: a) +1 sling
Press: ? - help, Q - select action, (/) - cycle Shift-Dir - straight line, f/p - Maggie
Aim: Maggie, wielding a +0 scimitar of draining, wearing +0 acid dragon scales and carrying a wand of roots (almost dead, mesmerising, haloed, 82% to hit)
You shoot a sling bullet. The sling bullet barely misses Maggie.
You break out of your daze.
Maggie shouts, "Leave me alone!"
Maggie hits you with a +0 scimitar of draining!
* * * LOW HITPOINT WARNING * * *
You feel drained.
* * * LOW HITPOINT WARNING * * *
The grasping roots constrict you. Elyvilon protects you from harm!
You feel better.
Maggie hits you with a +0 scimitar of draining.
* * * LOW HITPOINT WARNING * * *
You feel drained.
* * * LOW HITPOINT WARNING * * *
The grasping roots constrict you!
You die...

...##...........#....
#..#.........###.... <
.............##.... ..
##.......#.###.##. ...
#.....†.....#####. ....
#........#..#..... .....
#..##....#....#...
......#..####.##....##..
....$.@@..# #.###.....~≈
..⌠.......# ### #...ß~~~
...........# #...≈≈≈.
......#....# #..≈≈≈~#
.....##.#..# ###~≈≈##
...## ###.## ##≈## ###
### ###


You could see Maggie.

Vanquished Creatures
  Sigmund (D:5)
  Menkaure (D:7)
  A black bear (D:7)
  A kobold brigand (D:7)
  A weeping skull (Ossuary)
  Blork the orc (D:4)
  4 scorpions
  A burial acolyte (Ossuary)
  A howler monkey (D:6)
  3 orc priests
  2 bombardier beetles (D:5)
  2 jellies
  A gnoll bouda (D:6)
  2 hounds (D:5)
  An iguana (D:6)
  An orc wizard (D:4)
  4 mummies (Ossuary)
  3 gnolls
  9 adders
  3 white imps
  A ribbon worm (D:3)
  27 orcs
  4 ball pythons
  6 bats
  8 endoplasms
  2 giant cockroaches
  6 goblins
  10 hobgoblins
  2 jackals (D:1)
  4 quokkas
  4 frilled lizards
  4 gnoll zombies (Ossuary)
  16 kobolds
  3 kobold zombies (Ossuary)
  An orc zombie (Ossuary)
  8 rats
149 creatures vanquished.

Notes
Turn   | Place    | Note
-------+----------+-------------------------------------------
     0 | D:1      | PrimevalTitan the Spriggan Hexslinger began the quest for
                  | the Orb.
     0 | D:1      | Reached XP level 1. HP: 9/9 MP: 3/3
    87 | D:1      | Reached skill level 1 in Fighting
    89 | D:1      | Reached XP level 2. HP: 14/14 MP: 5/5
   246 | D:1      | Reached skill level 1 in Fire Magic
   312 | D:1      | Learned a level 2 spell: Jinxbite
   505 | D:1      | Reached XP level 3. HP: 18/18 MP: 1/6
  1366 | D:2      | Reached XP level 4. HP: 17/22 MP: 8/8
  1595 | D:2      | Found the Hermit's Pendant {Faith Invo=14 Evo=0 MP+5}
  1821 | D:2      | Reached skill level 3 in Ranged Weapons
  2330 | D:3      | Reached XP level 5. HP: 19/26 MP: 9/9
  3213 | D:4      | Reached skill level 4 in Ranged Weapons
  3228 | D:4      | Reached XP level 6. HP: 24/32 MP: 7/10
  3350 | D:4      | Found Xyleyvuss's Assorted Antiques.
  3359 | D:4      | Bought a scroll labelled OCU XOIMEPAO for 23 gold pieces
  3359 | D:4      | Bought a murky cyan potion for 20 gold pieces
  3776 | D:4      | Noticed Blork the orc
  3782 | D:4      | Killed Blork the orc
  3783 | D:4      | Reached skill level 5 in Ranged Weapons
  3844 | D:5      | Entered Level 5 of the Dungeon
  3845 | D:5      | Noticed Sigmund
  3896 | D:5      | Found a sand-covered staircase.
  3931 | Ossuary  | Entered an ossuary
  4001 | Ossuary  | Reached XP level 7. HP: 18/36 MP: 11/11
  4110 | Ossuary  | Reached skill level 6 in Ranged Weapons
  4763 | D:5      | Killed Sigmund
  4764 | D:5      | Reached skill level 7 in Ranged Weapons
  5067 | D:5      | Reached skill level 8 in Ranged Weapons
  5067 | D:5      | Reached XP level 8. HP: 34/40 MP: 12/12
  5118 | D:6      | Found a staircase to the Ecumenical Temple.
  5262 | Temple   | Entered the Ecumenical Temple
  5298 | Temple   | Became a worshipper of Elyvilon the Healer
  5685 | D:6      | You fall into a shaft and drop 1 floor!
  5776 | D:7      | Reached skill level 5 in Dodging
  5924 | D:7      | Reached * piety under Elyvilon
  5964 | D:7      | Noticed Menkaure
  5973 | D:7      | Killed Menkaure
  5974 | D:7      | Reached skill level 9 in Ranged Weapons
  6031 | D:7      | Noticed Maggie
  6047 | D:7      | Elyvilon protects you from harm!
  6048 | D:7      | Constricted to death by Maggie

Illustrated notes

Levels and vault maps discovered:
D:1:      pf_arrival_petrified_forest, layout_loops_corners
D:2:      layout_basic
D:3:      layout_basic
D:4:      layout_basic, serial_shops, shop, hangedman_decor_clover_reticule,
          uniq_blork_the_orc
D:5:      layout_rooms, nicolae_ossuary_entry_ruins, uniq_sigmund
D:6:      layout_loops_cross, temple_statues, uniq_crazy_yiuf_cottage
D:7:      kennysheep_big_flooded_room, layout_cave_pools,
          mainiacjoe_overflow_brackets, serial_column_ruins,
          column_ruins_hut_ruined, column_ruins_hut, column_ruins_grid_4,
          column_ruins_grid_1, column_ruins_open_medium,
          column_ruins_open_small, column_ruins_columns_straight,
          column_ruins_columns_straight, column_ruins_columns_water,
          corexii_corridor_pit, nicolae_have_a_lightning_rod, uniq_menkaure,
          uniq_maggie
Temple:   mainiacjoe_temple_big_plus

Skill      XL: |  1  2  3  4  5  6  7  8 |
---------------+-------------------------+-----
Fighting       | 1 2 3 |  3.9
Fire Magic     | 1 |  1.2
Dodging        | 3 4 5 |  5.6
Spellcasting   | 2 |  2.3
Hexes          | 4 |  4.1
Ranged Weapons | 3 4 5 8 9 |  9.1

Action                     |  1- 3 |  4- 6 |  7- 9 || total
---------------------------+-------+-------+-------++-------
   Fire: Sling             |    87 |   266 |   251 ||   604
   Cast: Jinxbite          |     3 |     3 |    12 ||    18
  Evoke: Wand              |       |     1 |     2 ||     3
    Use: Potion            |       |       |     2 ||     2
 Armour: Robe              |    14 |    35 |    50 ||    99
  Dodge: Dodged            |    42 |   106 |   122 ||   270

Table legend: (Time is in decaauts)
 A = Elapsed time spent in this place.
 B = Non-inter-level travel time spent in this place.
 C = Inter-level travel time spent in this place.
 D = Time resting spent in this place.
 E = Time spent auto-exploring this place.
 F = Levels seen in this place.
 G = Mean time per level.
                   A        B        C        D        E       F      G
               +--------+--------+--------+--------+--------+-----+--------+
         Total |   4506 |   4143 |    363 |    398 |   2672 |   9 |  500.7 |
       Dungeon |   3966 |   3638 |    328 |    222 |   2525 |   7 |  566.6 |
        Temple |     53 |     18 |     35 |      0 |      5 |   1 |   53.0 |
       Ossuary |    486 |    486 |      0 |    176 |    142 |   1 |  486.0 |
               +--------+--------+--------+--------+--------+-----+--------+

Top non-repeatable levels by time:
     D:1: 820 daAuts
     D:2: 738 daAuts
     D:4: 673 daAuts
     D:3: 584 daAuts
     D:5: 496 daAuts
 Ossuary: 486 daAuts
     D:6: 365 daAuts
     D:7: 286 daAuts
  Temple: 53 daAuts
